 Dungeon Crawl Stone Soup version 0.31.0-32-g396128a36d (webtiles) character file.

Game seed: 9256541506686110343

34 Henri the Changeling (level 3, 0/23 HPs)
             Began as an Octopode Shapeshifter on Apr 7, 2024.
             Slain by a goblin
             ... wielding a +0 club
             ... led by Robin
              (5 damage)
             ... on level 1 of the Dungeon.
             The game lasted 00:03:54 (986 turns).

Henri the Changeling (Octopode Shapeshifter)         Turns: 986, Time: 00:03:54

Health: 0/23       AC:  1    Str: 15    XL:     3   Next: 31%
Magic:  3/3        EV: 13    Int: 12    God:
Gold:   75         SH:  0    Dex: 11    Spells: 2/2 levels left

rFire   . .          .
                       - Unarmed
rCold   . . .        (no shield)
rNeg    . . .        (helmet currently unavailable)
rPois   .            (no amulet)
rElec   .            (no ring)
rCorr   .            (no ring)
SInv    .            (no ring)
Will    .....        (no ring)
Stlth   ++           (no ring)
HPRegen 0.23/turn    (no ring)
MPRegen 0.08/turn    (no ring)
                     (no ring)

%: no passive effects
@: beast-form
A: beast (slay +2), almost no armour, amphibious, 8 rings, camouflage 1,
gelatinous body 1, (nimble swimmer 1), tentacles
a: Begin Untransformation


You were on level 1 of the Dungeon.
You were a hulking beast.
You visited 1 branch of the dungeon, and saw 2 of its levels.

You collected 75 gold pieces.

Inventory:

Talismans
 b - a beast talisman
 c - a flux talisman
Scrolls
 d - a scroll of amnesia {unknown}
 f - a scroll of identify
Potions
 a - a potion of lignification
 e - a potion of brilliance
 g - a potion of curing
 h - a potion of haste
 i - a potion of heal wounds


   Skills:
 + Level 1.5 Fighting
 - Level 2.0 Dodging
 * Level 3.5 Unarmed Combat
 - Level 3.5 Shapeshifting


You had 2 spell levels left.
You didn't know any spells.
Your spell library was empty.

Dungeon Overview and Level Annotations

Branches:
Dungeon (2/15)

Altars:

Annotations:
D:2 Robin


Innate Abilities, Weirdness & Mutations

You are a hulking beast.
Your limbs bulge with bestial killing power. (Slay +2)
You cannot wear most types of armour.
You are amphibious.
You can wear up to eight rings at the same time.
Your skin changes colour to match your surroundings (Stealth+).
Your rubbery body absorbs attacks. (AC +1, EV +1)
((You are camouflaged when in or above water. (Stealth+)))
You have tentacles for arms and can constrict up to eight enemies at once.


Message History

You barely miss the goblin. Your grab misses the goblin.
You squeeze the goblin.
The goblin is heavily wounded.
The goblin hits you with a +0 club. The goblin hits you but does no damage.
You tentacle-slap the goblin.
You kill the goblin!
The goblin hits you with a +0 club. Robin throws the goblin at you!
You tentacle-slap the goblin but do no damage.
You grab the goblin. You squeeze the goblin.
The goblin is severely wounded.
You constrict the goblin.
You kill the goblin!
Robin throws the goblin at you! The goblin barely misses you.
You closely miss the goblin. Your grab misses the goblin.
The goblin hits you with a +0 club. The hobgoblin completely misses you.
The goblin closely misses you.
You closely miss the goblin. Your grab misses the goblin.
You squeeze the goblin.
You kill the goblin!
The goblin hits you with a +0 club.
Robin roars a battlecry!
The goblins go into a battle-frenzy!
The hobgoblin hits you. The goblin attacks as it pursues you!
The goblin hits you with a +0 club.
* * * LOW HITPOINT WARNING * * *
Robin roars a battlecry!
The goblin goes into a battle-frenzy!
Items here: )))) †.
You see here a +0 club.
The goblin attacks as it pursues you! The goblin misses you.
There is a stone staircase leading up here.
The goblin hits you with a +0 club.
* * * LOW HITPOINT WARNING * * *
You climb upwards.
There is a stone staircase leading down here.
You tentacle-slap the goblin. Your grab misses the goblin.
Your squeeze misses the goblin.
The goblin is severely wounded.
The goblin hits you with a +0 club.
You die...

########.# .........#
########.## # #.....# #
#.....# ############# #
#.....# ### #...........# #
#.....# #.###.#########.#
#####.....######.#........#
#.#
.............(.gh#.#..###.#
#.#
.........#.#.###.#.#..###.#
#.#
#######....#.#.#.#.#....#.#
#.# # #....#.#.#.#.#..#.#.#
#.# # #....#.#.#.#.#....#.#
#.# ####.#.#.#.#......#.#
#.# #.......###.####.# #.#
#######.....#......#.# #.#
# ###.....####..#.######.#
#.#


You could see a goblin (strong).

Vanquished Creatures
  2 dart slugs (D:1)
  2 bats (D:1)
  4 endoplasms (D:1)
  A giant cockroach (D:1)
  6 goblins
  A hobgoblin (D:1)
  3 quokkas (D:1)
  A ball python (D:1)
  4 frilled lizards (D:1)
  A kobold (D:1)
  A rat (D:1)
26 creatures vanquished.

Notes
Turn   | Place    | Note
-------+----------+-------------------------------------------
     0 | D:1      | Henri the Octopode Shapeshifter began the quest for the
                  | Orb.
     0 | D:1      | Reached XP level 1. HP: 13/13 MP: 1/1
   305 | D:1      | Reached XP level 2. HP: 18/18 MP: 2/2
   651 | D:1      | Reached XP level 3. HP: 19/23 MP: 3/3
   945 | D:2      | Noticed Robin
   986 | D:1      | Slain by a goblin

Illustrated notes

Levels and vault maps discovered:
D:1:      dpeg_arrival_yet_another_circle, layout_basic, serial_corexii_hall,
          corexii_hall_statues_i, chequers_hall_statues_y,
          chequers_hall_statues_y, chequers_hall_statues_wall_a
D:2:      layout_loops_cross, uniq_robin

Action                     || total
---------------------------++-------
  Melee: Unarmed           ||    41
         Constrict         ||    10
         Tentacles         ||    10
         Punch             ||     2
    Use: Scroll            ||     4
   Stab: Sleeping          ||     4
 Armour: Skin              ||    24
  Dodge: Dodged            ||    13
